 Dungeon Crawl Stone Soup version 0.32-a0-913-g739538afd8 (webtiles) character file.

Game seed: 3781569403643245227

967800 Biggs the Heavyweight Champion (level 27, -5/400 (422) HPs)
             Began as a Troll Fighter on Apr 7, 2024.
             Was the Champion of Wu Jian.
             Slain by an iron golem (14 damage)
             ... led by an iron giant
             ... on level 5 of the Iron City of Dis.
             The game lasted 03:21:30 (51058 turns).

Biggs the Heavyweight Champion (Troll Fighter)     Turns: 51058, Time: 03:21:30

HP:   -5/400 (422)  AC: 30    Str: 38    XL:     27
MP:   17/17         EV: 23    Int:  8    God:    Wu Jian [******]
Gold: 5815          SH: 30    Dex:  9    Spells: 26/26 levels left

rFire   . .          .
                       - Unarmed
rCold   + + .        W - +6 tower shield {reflect}
rNeg    + + .        (body armour currently unavailable)
rPois   ∞            C - +2 hat
rElec   +            b - +2 cloak {rCorr}
rCorr   +            (gloves unavailable)
SInv    .            (boots unavailable)
Will    ++...        Z - amulet of regeneration
Stlth   +            a - ring of the Octopus King {rC+ HP+2 AC+2 EV+2 SH+2}
HPRegen 2.46/turn    v - ring "Azxihig" {rC+ rN+}
MPRegen 0.15/turn

%: reflection, clarity
@: exhausted, statue-form, marked, corroded, in a heavenly storm, glowing,
studying 2 skills, drained, very slow
A: slow and powerful, torment resistance 1, boosted hp, large, unfitting armour,
claws 3, regeneration 1, (shaggy fur 1), (tough skin 1), horns 1, clarity, low
MP 2
}: 11/15 runes: decaying, slimy, silver, icy, abyssal, demonic, glowing,
magical, fiery, dark, gossamer
a: Begin Untransformation, Renounce Religion, Wall Jump, Serpent's Lash,
Heavenly Storm


You were on level 5 of the Iron City of Dis.
You worshipped Wu Jian.
Wu Jian was exalted by your worship.
You were a living statue of rough stone.
You visited 13 branches of the dungeon, and saw 60 of its levels.
You visited Pandemonium 1 time, and saw 25 of its levels.
You visited the Abyss 5 times.
You also visited: Bailey and Ice Cave.

You collected 9550 gold pieces.
You spent 3735 gold pieces at shops.

Inventory:

Missiles
 z - 9 throwing nets (quivered)
Armour
 b - a +2 cloak of preservation (worn)
 C - a +2 hat (worn)
 W - a +6 tower shield of reflection (worn)
Jewellery
 a - a ring of the Octopus King (left claw) {rC+ HP+2 AC+2 EV+2 SH+2}
   (You found it on level 5 of the Vaults)

   [ring of protection from cold]

   AC+2:      It affects your AC (+2).
   EV+2:      It affects your evasion (+2).
   rC+:       It protects you from cold.
   HP+2:      It affects your health (+2).
   SH+2:      It affects your SH (+2).
 e - a ring of flight
 m - the ring "Yfoq" {rPois rC++ rCorr MP+9 Slay-5}
   (You found it on level 5 of the Pits of Slime)

   [ring of magical power]

   Slay-5:    It affects your accuracy & damage with ranged weapons and melee
   (-5).
   rC++:      It greatly protects you from cold.
   rPois:     It protects you from poison.
   MP+9:      It affects your magic capacity (+9).
   rCorr:     It protects you from acid and corrosion.
 r - the ring of Darkness {rPois rF+ Int-3 Dex+6 SInv}
   (You found it in Pandemonium)

   [ring of dexterity]

   Int-3:     It affects your intelligence (-3).
   Dex+6:     It affects your dexterity (+6).
   rF+:       It protects you from fire.
   rPois:     It protects you from poison.
   SInv:      It lets you see invisible.
 v - the ring "Azxihig" (right claw) {rC+ rN+}
   (You bought it in a shop on level 3 of the Elven Halls)

   [ring of positive energy]

   rC+:       It protects you from cold.
   rN+:       It protects you from negative energy.
 F - the ring of Plog {rF+ Int+6}
   (You found it on level 3 of the Elven Halls)

   [ring of protection from fire]

   Int+6:     It affects your intelligence (+6).
   rF+:       It protects you from fire.
 K - the ring of Hirul {Fire Will++}
   (You found it in Pandemonium)

   [ring of fire]

   Fire:      It enhances your fire magic.
   rF+:       It protects you from fire.
   rC-:       It makes you vulnerable to cold.
   Will++:    It greatly increases your willpower.
 R - a ring of see invisible
 Z - an amulet of regeneration (around neck)
Talismans
 s - a storm talisman
 S - a granite talisman (active)
Wands
 l - a wand of digging (25)
 o - a wand of iceblast (84)
 y - a wand of polymorph (35)
 B - a wand of paralysis (57)
 D - a wand of flame (121)
 O - a wand of quicksilver (32)
 P - a wand of mindburst (34)
Scrolls
 d - 6 scrolls of silence
 n - 9 scrolls of amnesia
 q - 12 scrolls of fear
 t - 29 scrolls of identify
 x - 9 scrolls of immolation
 E - 5 scrolls of blinking
 G - 22 scrolls of teleportation
 H - 4 scrolls of butterflies
 J - 10 scrolls of poison
 V - 10 scrolls of revelation
Potions
 c - 9 potions of might
 g - 3 potions of cancellation
 h - 4 potions of mutation
 i - 16 potions of ambrosia
 j - 4 potions of berserk rage
 k - 12 potions of heal wounds
 p - 23 potions of curing
 u - 9 potions of haste
 w - 3 potions of lignification
 I - 6 potions of attraction
 L - 9 potions of brilliance
 N - 15 potions of enlightenment
 T - 8 potions of invisibility
 X - a potion of resistance
Miscellaneous
 f - a sack of spiders
 M - a condenser vane
 Q - a Gell's gravitambourine (2/2)
 Y - a lightning rod (4/4)


   Skills:
 O Level 27 Fighting
 + Level 8.8 Dodging
 - Level 25.0 Shields
 O Level 27 Unarmed Combat
 - Level 5.0 Evocations
 - Level 23.0 Shapeshifting


You had 26 spell levels left.
You didn't know any spells.
Your spell library contained the following spells:

 Spells                   Type           Power      Damage    Failure   Level
 Foxfire                  Conj/Fire      0%         2x1d4     43%         1
 Magic Dart               Conj           0%         1d3       43%         1
 Necrotise                Necr           0%         1d4       43%         1
 Sandblast                Erth           0%         2d4       43%         1
 Slow                     Hex            0%         N/A       43%         1
 Summon Small Mammal      Summ           0%         N/A       43%         1
 Blink                    Tloc           0%         N/A       56%         2
 Call Imp                 Summ           0%         N/A       56%         2
 Cigotuvi's Dreadful Rot  Necr/Alch/Air  0%         N/A       56%         2
 Ensorcelled Hibernation  Hex/Ice        0%         N/A       56%         2
 Lesser Beckoning         Tloc           0%         N/A       56%         2
 Momentum Strike          Conj/Tloc      0%         3d8       56%         2
 Scorch                   Fire           0%         2d5       56%         2
 Static Discharge         Conj/Air       0%         3-3/arc   56%         2
 Call Canine Familiar     Summ           0%         N/A       80%         3
 Confusing Touch          Hex            0%         N/A       80%         3
 Dazzling Flash           Conj/Hex       0%         N/A       80%         3
 Frozen Ramparts          Ice            0%         1d1       80%         3
 Fugue of the Fallen      Necr           0%         N/A       80%         3
 Inner Flame              Hex/Fire       0%         N/A       80%         3
 Maxwell's Portable Pile  Tloc           0%         2d(5-13)  80%         3
 Mephitic Cloud           Conj/Alch/Air  0%         N/A       80%         3
 Ozocubu's Armour         Ice            0%         N/A       80%         3
 Sigil of Binding         Hex            0%         N/A       80%         3
 Stone Arrow              Conj/Erth      0%         3d7       80%         3
 Teleport Other           Tloc           0%         N/A       80%         3
 Tukima's Dance           Hex            0%         N/A       80%         3
 Vampiric Draining        Necr           0%         2d6       80%         3
 Volatile Blastmotes      Fire/Tloc      0%         2d10      80%         3
 Airstrike                Air            0%         2d(0-16)  99%         4
 Anguish                  Hex/Necr       0%         N/A       99%         4
 Animate Armour           Summ/Erth      0%         N/A       99%         4
 Animate Dead             Necr           0%         N/A       99%         4
 Brom's Barrelling Bould  Conj/Erth      0%         2d3       99%         4
 Cause Fear               Hex            0%         N/A       99%         4
 Dimensional Bullseye     Hex/Tloc       0%         N/A       99%         4
 Dispel Undead            Necr           0%         3d6       99%         4
 Flame Wave               Conj/Fire      0%         2d4       99%         4
 Fulminant Prism          Conj/Alch      0%         3d5       99%         4
 Iskenderun's Mystic Bla Conj/Tloc 0%             2d3        (+2d1     99%         4
 Leda's Liquefaction      Alch/Erth      0%         N/A       99%         4
 Martyr's Knell           Necr/Summ      0%         N/A       99%         4
 Olgreb's Toxic Radiance  Alch           0%         N/A       99%         4
 Passage of Golubria      Tloc           0%         N/A       99%         4
 Petrify                  Alch/Erth      0%         N/A       99%         4
 Sticky Flame             Fire/Alch      0%         2d4       99%         4
 Summon Blazeheart Golem  Fire/Summ      0%         N/A       99%         4
 Summon Lightning Spire   Summ/Air       0%         N/A       99%         4
 Vhi's Electric Charge    Tloc/Air       0%         N/A       99%         4
 Alistair's Intoxication  Alch           0%         N/A       100%        5
 Arcjolt                  Conj/Air       0%         1d10      100%        5
 Borgnjor's Vile Clutch   Necr/Erth      0%         N/A       100%        5
 Curse of Agony           Necr           0%         N/A       100%        5
 Fireball                 Conj/Fire      0%         3d3       100%        5
 Freezing Cloud           Conj/Ice/Air   0%         6-21      100%        5
 Irradiate                Conj/Alch      0%         3d11      100%        5
 Iskenderun's Battlesphe  Conj           0%         2d6       100%        5
 Lee's Rapid Deconstruct  Erth           0%         3d4*      100%        5
 Metabolic Englaciation   Hex/Ice        0%         N/A       100%        5
 Silence                  Hex/Air        0%         N/A       100%        5
 Summon Forest            Summ/Tloc      0%         N/A       100%        5
 Yara's Violent Unravell  Hex/Alch       0%         3d3       100%        5
 Conjure Ball Lightning   Conj/Air       0%         3x3d6     100%        6
 Death Channel            Necr           0%         N/A       100%        6
 Dispersal                Tloc           0%         N/A       100%        6
 Eringya's Noxious Bog    Alch           0%         4d6       100%        6
 Gell's Gavotte           Tloc           0%         2d(11-16) 100%        6
 Plasma Beam              Fire/Air       0%         2x1d10    100%        6
 Sculpt Simulacrum        Ice/Alch       0%         N/A       100%        6
 Starburst                Conj/Fire      0%         6d3       100%        6
 Enfeeble                 Hex            0%         N/A       100%        7
 Haunt                    Necr/Summ      0%         N/A       100%        7
 Malign Gateway           Summ/Tloc      0%         N/A       100%        7
 Orb of Destruction       Conj           0%         9d5       100%        7
 Ozocubu's Refrigeration  Ice            0%         4d7       100%        7
 Summon Hydra             Summ           0%         N/A       100%        7
 Borgnjor's Revivificati  Necr           0%         N/A       100%        8
 Discord                  Hex            0%         N/A       100%        8
 Ignition                 Fire           0%         3d3       100%        8
 Infestation              Necr           0%         N/A       100%        8
 Lehudib's Crystal Spear  Conj/Erth      0%         10d2      100%        8
 Maxwell's Capacitive Co  Air            0%         ∞         100%        8
 Summon Horrible Things   Summ           0%         N/A       100%        8
 Chain Lightning          Conj/Air       0%         N/A       100%        9
 Death's Door             Necr           0%         N/A       100%        9
 Fire Storm               Conj/Fire      0%         5d1       100%        9
 Shatter                  Erth           0%         3d5*      100%        9
 Sublimation of Blood     Necr           Unusable   N/A       N/A         2

Dungeon Overview and Level Annotations

Branches:
Dungeon (15/15)            Temple (1/1) D:7            Lair (5/5) D:11
  Swamp (4/4) Lair:3       Spider (4/4) Lair:2        Slime (5/5) Lair:4
    Orc (2/2) D:9             Elf (3/3) Orc:2        Vaults (5/5) D:13
  Crypt (0/3) Vaults:3     Depths (4/4) D:15           Hell (visited)
    Dis (5/7) Hell            Coc (7/7) Hell            Zot (0/5) Depths:4
 Bailey (visited)           IceCv (visited)
    Geh: Hell:1         Tar: Hell:1

Altars:
Ashenzari
Cheibriados
Dithmenos
Elyvilon
Fedhas
Gozag
Hepliaklqana
Kikubaaqudgha
Makhleb
Nemelex Xobeh
Okawaru
Qazlal
Ru
Sif Muna
Trog
Uskayaw
Vehumet
Wu Jian
Xom
Yredelemnul
Zin
The Shining One
Jiyva

Shops:
D:10 !   D:11 =   D:13 *   D:15 [   Orc:2 [=:*?*?([   Elf:1 ?   Elf:3 ::==
Vaults:3 ?   Depths:4 [*

Portals:
Hell: Depths:1 Depths:2 Depths:3 Depths:4
Abyss: Depths:3
Pandemonium: Depths:2
Ziggurat: Depths:2

Annotations:
D:14 Roxanne
Vaults:4 8 runed translucent doors, Qoas's ghost, adept GnCA
Depths:2 1 runed translucent door


Innate Abilities, Weirdness & Mutations

You are a living statue of rough stone.
Your actions are slow, but your melee attacks are powerful.
You are resistant to unholy torment.
Your maximum health is greatly increased.
Your equipment is partially melded.
You are too large for most types of armour.
You are immune to poison.
You have claws for hands.
Your natural rate of healing is unusually fast.
((You are covered in fur. (AC +1)))
((You have tough skin. (AC +1)))
You have a pair of small horns on your head.
You possess an exceptional clarity of mind.
Your magical capacity is very low. (-20% MP)


Message History

The Council accepts your kill.
You spin and attack the caustic shrike repeatedly.
You scratch the caustic shrike but do no damage.
The caustic shrike is heavily wounded.
You eviscerate the caustic shrike!!!!
You kill the caustic shrike!
The Council accepts your kill. The caustic shrike claws you.
* * * LOW HITPOINT WARNING * * *
You are splashed with acid.
You resist.
* * * LOW HITPOINT WARNING * * *
You block the caustic shrike's attack. The caustic shrike closely misses you.
The caustic shrike completely misses you.
You block the caustic shrike's attack.
You see here a +0 giant club.
Unknown command.
A caustic shrike comes into view.
You spin and attack the iron golem repeatedly.
You eviscerate the iron golem!!!
The iron golem is lightly damaged.
You scratch the iron golem.
The iron golem is lightly damaged.
You spin and attack the caustic shrike repeatedly.
You eviscerate the caustic shrike!!!!
The caustic shrike is severely wounded.
You mangle the caustic shrike!!
You headbutt the caustic shrike, but do no damage.
The caustic shrike is almost dead.
The caustic shrike barely misses you. You block the caustic shrike's attack.
A caustic shrike comes into view.
You block the caustic shrike's attack. You block the iron golem's attack. x2
The caustic shrike claws you!
* * * LOW HITPOINT WARNING * * *
You are splashed with acid.
You resist.
* * * LOW HITPOINT WARNING * * *
The caustic shrike misses you.
A caustic shrike comes into view.
The caustic shrike claws you but does no damage.
The iron golem misses you. The iron golem hits you!
You die...

######+########
#.☼○°z○☼○......
#.§bIb°°§......
#.b99b○°§.z....
##b#########'##
#.. . #. #. #


You could see 2 iron golems, 5 caustic shrikes and an ancient champion.

Vanquished Creatures
  Antaeus (Coc:7)
  Ignacio (Pan)
  Mnoleg (Pan)
  the Royal Jelly (Slime:5)
  Gloorx Vloq (Pan)
  Lom Lobon (Pan)
  2 dread liches
  Frederick (Vaults:5)
  2 ancient liches
  Mennas (Pan)
  A juggernaut (Depths:2)
  Boris (twice) (Vaults:3 Depths:4)
  Bai Suzhen (Vaults:5)
  14 shard shrikes
  Saint Roka (Vaults:4)
  Geryon (Hell)
  12 caustic shrikes
  3 golden dragons
  Norris (Vaults:2)
  Nikola (Spider:1)
  A profane servitor (Abyss:4)
  2 Tzitzimimeh
  3 bone dragons (Abyss:3)
  12 Brimstone Fiends (Pan)
  An iron giant (Dis:5)
  Arachne (Spider:3)
  2 doom hounds (Hell)
  A hellephant (Hell)
  22 Ice Fiends
  The ghost of Chadd the Impaler, an adept MiGl of Okawaru (Depths:1)
  6 tentacled monstrosities
  5 liches
  7 Hell Sentinels
  Mlioglotl (Spider:3)
  16 titans
  A quicksilver dragon (Vaults:5)
  Jorgrun (Spider:3)
  4 pandemonium lords (Pan)
  2 deep elf blademasters
  5 sphinxes
  A deep elf master archer (Elf:3)
  A walking divine tome (Depths:2)
  9 tentacled starspawn
  14 acid blobs
  An eldritch tentacle (Vaults:4)
  18 Executioners (Pan)
  A kraken (Abyss:4)
  An ancient champion (Dis:4)
  Agnes (D:14)
  2 revenants (Depths:3)
  3 shadow dragons
  5 tengu reavers
  A thorn hunter (Swamp:4)
  A fenstrider witch (Swamp:2)
  10 azure jellies
  4 storm dragons
  9 fire giants
  6 rockslimes (Slime:5)
  9 demonspawn warmongers (Pan)
  13 daevas
  5 protean progenitors (Pan)
  A draconian shifter (Abyss:3)
  23 vault wardens
  20 narguns
  The ghost of TROGSCHOSEN the Markself, an adept DEHu of Hepliaklqana (Swamp:3)
  5 emperor scorpions
  13 frost giants
  2 draconian scorchers (Depths:4)
  The ghost of Xuahaunu the Gelid, an adept MfIE of Vehumet (Elf:1)
  30 balrugs
  2 caustic shrike zombies (Depths:3)
  6 deep elf sorcerers
  An iron dragon (Vaults:5)
  2 curse skulls (Pan)
  2 deep elf elementalists (Elf:3)
  5 ghost moths
  5 quicksilver elementals
  11 shard shrike simulacra
  24 cacodemons
  7 angels
  5 orc warlords
  21 ironbound preservers
  13 ironbound thunderhulks
  2 broodmothers (Spider:4)
  5 quicksilver oozes
  A spriggan defender (Depths:2)
  31 very ugly things
  6 demonspawn corrupters (Pan)
  8 juggernaut skeletons (Pan)
  27 reapers
  4 formless jellyfish
  A draconian annihilator (Pan)
  3 caustic shrike skeletons
  16 demonspawn blood saints (Pan)
  17 stone giants
  6 vampire knights
  13 apis (Pan)
  10 deep elf death magi
  5 deep elf demonologists
  2 black draconians (Depths:4)
  15 elemental wellsprings
  5 eleionomae
  8 demonspawn black suns (Pan)
  3 bunyips
  An ophan (Pan)
  2 spark wasps
  7 war gargoyles
  5 dire elephants
  19 wendigos
  2 red draconians (Depths:4)
  16 lorocyprocas
  A purple draconian (Depths:4)
  2 yellow draconians
  10 deep elf annihilators
  4 iron golems
  15 blizzard demons
  A crystal guardian (Vaults:4)
  A white draconian (IceCv)
  17 green deaths (Pan)
  15 ettins
  8 jiangshi
  A merfolk javelineer (Elf:1)
  3 entropy weavers
  8 yaktaur captains
  33 vault guards
  A fenstrider witch zombie (Abyss:3)
  6 shambling mangroves
  8 fire dragons
  5 deep elf high priests
  10 rakshasas
  4 hell beasts (Pan)
  3 peacekeepers
  18 hydras
  6 ice dragons
  8 juggernaut simulacra
  3 ghost crabs
  3 alligators
  11 caustic shrike simulacra
  An ogre mage (Vaults:5)
  7 boulder beetles
  11 great orbs of eyes
  15 centaur warriors
  A salamander tyrant (Depths:4)
  6 ironbound frosthearts
  2 jorogumos (Pan)
  A merfolk aquamancer (Pan)
  4 spriggan air magi
  A merfolk avatar (Lair:5)
  A radroach (Spider:3)
  The ghost of GamesABlazin the Fighter, a journeyman GrFi of Gozag (D:10)
  Erica (D:8)
  A satyr (Pan)
  29 dancing weapons
  6 catoblepae
  A death knight (D:14)
  A sphinx skeleton (Depths:3)
  2 two-headed ogres (D:11)
  3 death yaks
  6 tengu warriors
  4 deep troll shamans
  2 spriggan skeletons (Depths:3)
  9 hell hogs
  6 vampire magi
  2 deep troll earth magi
  6 orc high priests
  6 thrashing horrors
  A titan zombie (Depths:3)
  Urug (Lair:2)
  28 demonic crawlers
  A naga warrior (Elf:1)
  4 spriggan berserkers
  13 hell knights
  59 sun demons
  2 crystal echidnas (Dis:4)
  14 spriggans
  19 deep elf knights
  30 soul eaters
  3 hellephant skeletons (Pan)
  3 titan skeletons
  A storm dragon zombie (Depths:3)
  8 wretched stars
  6 skysharks
  13 iron trolls
  5 skeletal warriors (D:14)
  4 fire crabs
  25 sixfirhies
  A sea snake (Lair:5)
  A golden dragon zombie (Depths:1)
  7 goliath frogs
  17 deep elf archers
  3 pharaoh ants
  A salamander mystic (Depths:4)
  A spark wasp zombie (Depths:3)
  6 arcanists
  3 cherubim (Pan)
  6 flayed ghosts
  A quicksilver dragon simulacrum (Coc:5)
  2 spriggan druids
  10 swamp dragons
  4 glowing orange brains
  3 bog bodies
  11 shadow demons (Pan)
  48 deep trolls
  12 orb spiders
  2 kraken simulacra (Coc:7)
  A glowing orange brain (shapeshifter) (Vaults:1)
  A mana viper (Abyss:3)
  5 phantasmal warriors
  2 fenstrider witch simulacra (Coc:1)
  2 swamp dragons (shapeshifter) (Vaults:5)
  8 necromancers
  17 orc knights
  4 steelbarb worms
  12 lindwurms
  8 sun moths
  7 spriggan simulacra
  3 harpies (D:15)
  33 deep elf pyromancers
  22 deep elf zephyrmancers
  17 ironbound convokers
  8 thermic dynamos
  2 obsidian bats
  An iron dragon zombie (Depths:3)
  2 shining eyes
  71 starcursed masses
  36 ugly things
  11 wolf spiders
  8 cyclopes
  2 tengu skeletons
  A shadow dragon zombie (Depths:1)
  A frost giant zombie (Depths:3)
  5 orc sorcerers
  A shadow dragon skeleton (Vaults:2)
  5 will-o-the-wisps
  3 salamanders (Depths:4)
  Maurice (Orc:2)
  A fire giant zombie (Depths:1)
  10 ice statues
  2 elephants (Lair:5)
  A dire elephant zombie (Hell)
  3 manticores
  19 vault sentinels
  A stone giant skeleton (Depths:1)
  6 apocalypse crabs
  3 black mambas
  8 meliai
  5 rust devils
  4 titan simulacra
  A black mamba (shapeshifter) (Elf:3)
  2 kobold blastminers (Orc:2)
  An elephant (shapeshifter) (Vaults:5)
  4 Executioner simulacra (Pan)
  4 eyes of devastation
  A cane toad (shapeshifter) (Depths:3)
  52 large abominations
  11 cane toads
  3 torpor snails
  33 smoke demons
  A dire elephant skeleton (Hell)
  A gargoyle (D:12)
  30 orange demons
  Maggie (D:8)
  An unseen horror (D:12)
  A bunyip simulacrum (Coc:1)
  A rime drake (shapeshifter) (D:12)
  10 komodo dragons
  Psyche (D:10)
  4 anaconda simulacra
  10 rime drakes
  4 tengu conjurers
  26 tormentors
  7 ice devils
  7 efreet
  13 freezing wraiths
  20 hellions
  A kobold demonologist (D:9)
  19 yaktaurs
  2 iron giant simulacra
  A harpy zombie (Abyss:3)
  4 ancient zymes
  10 red devils
  A queen bee (D:13)
  7 trolls
  10 tyrant leeches
  A merfolk (shapeshifter) (Depths:2)
  22 hellwings
  2 wind drakes (Lair:5)
  A hornet (shapeshifter) (Elf:1)
  12 jumping spiders
  12 tarantellas
  4 polar bears
  Prince Ribbit (Bailey)
  8 raiju (Abyss:3)
  4 glass eyes
  30 hornets
  A spriggan zombie (Depths:1)
  12 dream sheep
  21 blink frogs
  2 stone giant simulacra
  A centaur simulacrum (Coc:1)
  2 shadows
  2 air elementals
  10 culicivoras
  60 slime creatures
  2 dire elephant simulacra
  8 wyverns
  7 wraiths
  21 ynoxinuls
  3 vampires
  4 water elementals
  3 alligator snapping turtle simulacra
  3 fire elementals
  A golden eye (Slime:5)
  10 basilisks
  65 yaks
  2 humans (Bailey)
  30 neqoxecs
  40 redbacks
  3 steam dragons
  2 death yak simulacra (Lair:4)
  8 wargs
  11 vampire mosquitoes
  24 chaos spawn
  13 harpy simulacra
  12 small abominations (Abyss:3)
  13 swamp worms
  A swamp worm (shapeshifter) (Vaults:5)
  12 water moccasins
  A hydra simulacrum (Coc:1)
  3 glowing shapeshifter zombies
  A glowing shapeshifter skeleton (Depths:1)
  4 hell hounds (Abyss:3)
  33 orc warriors
  2 acid dragons
  A human skeleton (Vaults:2)
  8 swamp drakes
  3 ettin simulacra
  An ice beast (D:5)
  4 black bears
  12 laughing skulls
  2 sky beasts
  7 ogres
  A boggart (Vaults:4)
  14 wolves
  A centaur (shapeshifter) (Depths:3)
  8 centaurs
  A phantom (D:6)
  A kobold brigand (D:10)
  3 weeping skulls (Abyss:3)
  7 brain worms
  27 bullfrogs
  2 earth elementals (Elf:3)
  5 naga simulacra
  3 gnoll sergeants
  6 scorpions
  3 cane toad simulacra (Lair:4)
  21 wights
  2 lindwurm simulacra (IceCv)
  A swamp dragon simulacrum (Coc:1)
  16 killer bees (D:13)
  2 electric eels (Lair:3)
  A howler monkey (D:6)
  2 gnoll boudas (D:5)
  3 quasits (Abyss:3)
  4 komodo dragon simulacra (IceCv)
  3 hounds
  3 bombardier beetles
  4 jellies
  20 orc priests
  3 sleepcaps
  Terence (D:3)
  5 iguanas
  28 orc wizards
  A hell rat (Hell)
  A polar bear simulacrum (Lair:4)
  An adder (D:5)
  22 gnolls
  3 acid dragon simulacra (IceCv)
  2 white imps (Abyss:3)
  8 ufetubi
  12 steam dragon simulacra (IceCv)
  A dart slug (D:1)
  110 orcs
  5 ball pythons
  8 endoplasms
  2 giant cockroaches
  9 goblins
  7 hobgoblins
  2 jackals (D:4)
  3 quokkas
  3 bats
  3 frilled lizards
  16 kobolds
  A rat (D:1)
  4 aspiring fleshes (Pan)
  2 butterflies (Lair:5)
  4 fire vortices (Pan)
  A foxfire (Swamp:4)
  A lurking horror (Abyss:3)
  A spectral weapon (Depths:2)
  7 starspawn tentacles
  4 tentacles (Coc:7)
3119 creatures vanquished.

Vanquished Creatures (others)
  Cerebov (Pan)
  A deep elf blademaster (Elf:3)
  A deep elf master archer (Elf:3)
  A demonspawn warmonger (Pan)
  3 shard shrike simulacra
  A vampire knight (Depths:4)
  2 elemental wellsprings
  A deep elf annihilator (Elf:1)
  A lorocyproca (Pan)
  4 caustic shrike simulacra
  A juggernaut simulacrum (Coc:4)
  A soul eater (Hell)
  3 deep elf knights
  A deep elf archer (Elf:3)
  A spriggan simulacrum (Coc:4)
  A swamp dragon (Swamp:4)
  A fenstrider witch simulacrum (Coc:2)
  A titan simulacrum (Coc:7)
  3 smoke demons (Pan)
  An anaconda simulacrum (Coc:4)
  A golden dragon simulacrum (Coc:4)
  2 iron giant simulacra
  A hellwing (Pan)
  A hornet (Swamp:3)
  3 bloated husks
  A blink frog (Lair:5)
  An iron dragon simulacrum (Coc:4)
  2 naga simulacra
  A ynoxinul (Pan)
  4 harpy simulacra
  A swamp worm (Swamp:4)
  An orc wizard (Orc:2)
  3 orcs
  11 ball lightnings (Pan)
  15 foxfires
  A lurking horror (Abyss:3)
  23 starspawn tentacles
  8 tentacles (Coc:7)
110 creatures vanquished.

Grand Total: 3229 creatures vanquished

Notes
Turn   | Place    | Note
-------+----------+-------------------------------------------
     0 | D:1      | Biggs the Troll Fighter began the quest for the Orb.
     0 | D:1      | Reached XP level 1. HP: 22/22 MP: 0/0
   105 | D:1      | Reached XP level 2. HP: 29/29 MP: 1/1
   323 | D:1      | Got Appimics's Vellum of the Glowing Inferno
   574 | D:2      | Reached XP level 3. HP: 36/36 MP: 2/2
  1190 | D:3      | Found a hide-covered altar of Uskayaw.
  1271 | D:3      | Noticed Terence
  1281 | D:3      | Killed Terence
  1282 | D:3      | Reached XP level 4. HP: 39/44 MP: 3/3
  2103 | D:4      | Reached skill level 5 in Unarmed Combat
  2107 | D:4      | Reached XP level 5. HP: 47/50 MP: 4/4
  2317 | D:4      | Noticed an ogre
  2322 | D:4      | Killed an ogre
  2377 | D:4      | Reached XP level 6. HP: 59/59 MP: 5/5
  2699 | D:5      | Entered Level 5 of the Dungeon
  2699 | D:5      | Noticed an ice beast
  2706 | D:5      | Killed an ice beast
  2827 | D:5      | Noticed a shadow
  2830 | D:5      | Reached XP level 7. HP: 66/66 MP: 6/6
  2848 | D:5      | Killed a shadow
  3831 | D:6      | Reached XP level 8. HP: 78/78 MP: 7/7
  3852 | D:6      | HP: 3/79 [something (3)]
  4023 | D:6      | Found a basalt altar of Yredelemnul.
  4032 | D:6      | Reached skill level 5 in Fighting
  4172 | D:6      | Reached skill level 10 in Unarmed Combat
  4257 | D:6      | Reached XP level 9. HP: 86/88 MP: 8/8
  4342 | D:6      | Found a stormy altar of Qazlal.
  4557 | D:7      | Found a burning altar of Makhleb.
  4678 | D:7      | Found a staircase to the Ecumenical Temple.
  4696 | Temple   | Entered the Ecumenical Temple
  4705 | Temple   | Became a worshipper of the Wu Jian Council
  4765 | D:7      | Found a flagged portal.
  4788 | Bailey   | Entered a bailey
  4890 | Bailey   | Noticed Prince Ribbit
  4890 | Bailey   | Noticed a vault guard
  4901 | Bailey   | Killed Prince Ribbit
  4909 | Bailey   | Killed a vault guard
  4910 | Bailey   | Reached XP level 10. HP: 96/96 MP: 9/9
  4924 | Bailey   | Noticed a vault guard
  4933 | Bailey   | Killed a vault guard
  4933 | Bailey   | Reached * piety under Wu Jian
  5681 | D:8      | Noticed Maggie
  5696 | D:8      | Killed Maggie
  5743 | D:8      | Reached ** piety under Wu Jian
  5943 | D:8      | Noticed Erica
  5953 | D:8      | Paralysed by Erica for 4 turns
  5959 | D:8      | Killed Erica
  5960 | D:8      | Reached XP level 11. HP: 48/110 MP: 10/10
  6526 | D:9      | Found a staircase to the Orcish Mines.
  6627 | D:9      | Noticed a centaur warrior
  6627 | D:9      | Noticed a centaur warrior
  6654 | D:9      | Found a broken altar of Ashenzari.
  6718 | D:9      | Reached *** piety under Wu Jian
  6780 | D:9      | Noticed a catoblepas
  6787 | D:9      | Killed a catoblepas
  6796 | D:9      | Killed a centaur warrior
  6856 | D:9      | Killed a centaur warrior
  6857 | D:9      | Reached skill level 10 in Fighting
  6857 | D:9      | Reached skill level 1 in Evocations
  7021 | D:9      | Found a blossoming altar of Fedhas.
  7479 | D:10     | Entered Level 10 of the Dungeon
  7727 | D:10     | Noticed Psyche
  7734 | D:10     | Killed Psyche
  7755 | D:10     | Found Gahoghuj's Distillery.
  7775 | D:10     | Reached **** piety under Wu Jian
  7786 | D:10     | Bought a potion of heal wounds for 75 gold pieces
  7786 | D:10     | Bought a potion of heal wounds for 75 gold pieces
  7786 | D:10     | Bought a potion of curing for 45 gold pieces
  7786 | D:10     | Bought a potion of curing for 45 gold pieces
  7786 | D:10     | Bought a potion of mutation for 120 gold pieces
  7817 | D:10     | Found a runed translucent gate.
  7821 | D:10     | Found a runed translucent gate.
  7822 | D:10     | Found a runed translucent gate.
  7822 | D:10     | Noticed GamesABlazin's ghost (journeyman GrFi)
  7825 | D:10     | Noticed a great orb of eyes
  8124 | D:10     | Found a viscous altar of Jiyva.
  8145 | D:11     | Noticed a two-headed ogre
  8149 | D:11     | Noticed a white ugly thing
  8156 | D:11     | Killed a two-headed ogre
  8157 | D:11     | Reached skill level 5 in Evocations
  8157 | D:11     | Reached XP level 12. HP: 115/126 MP: 11/11
  8161 | D:11     | Noticed a two-headed ogre
  8171 | D:11     | Killed a two-headed ogre
  8221 | D:11     | Reached skill level 15 in Unarmed Combat
  8308 | D:11     | Noticed a boulder beetle
  8335 | D:11     | Killed a boulder beetle
  8383 | D:11     | Found Juluhuih's Jewellery Boutique.
  8610 | D:11     | Found a staircase to the Lair.
  9155 | D:12     | Reached ***** piety under Wu Jian
  9536 | D:13     | Identified the +0 chain mail of the Distant Future {rC+
                  | Dex-5 Stlth+}
  9544 | D:13     | Found a gate to the Vaults.
  9613 | Lair:1   | Entered Level 1 of the Lair of Beasts
  9906 | Lair:1   | Reached XP level 13. HP: 112/133 MP: 12/12
 10488 | Lair:2   | Found a hole to the Spider Nest.
 10601 | Lair:2   | Noticed Urug
 10616 | Lair:2   | Killed Urug
 11518 | Lair:3   | Found a staircase to the Swamp.
 11596 | Lair:3   | Found a shimmering blue altar of Sif Muna.
 12261 | Lair:4   | Reached ****** piety under Wu Jian
 12380 | Lair:4   | You fall into a shaft and drop 1 floor!
 12380 | Lair:5   | Entered Level 5 of the Lair of Beasts
 12391 | Lair:5   | Reached XP level 14. HP: 69/148 MP: 13/13
 12525 | Lair:4   | Found a frozen archway.
 12544 | IceCv    | Entered an ice cave
 13285 | Lair:4   | Found a staircase to the Slime Pits.
 13733 | Lair:5   | Reached skill level 1 in Shapeshifting
 14005 | Lair:5   | Got an earthy gem with 116 turns to spare
 14133 | Lair:5   | Reached skill level 5 in Shapeshifting
 14604 | Orc:1    | Entered Level 1 of the Orcish Mines
 14847 | Orc:2    | Entered Level 2 of the Orcish Mines
 14847 | Orc:2    | Found Yczaf's Magic Scroll Boutique.
 14853 | Orc:2    | Bought a scroll of identify for 24 gold pieces
 14853 | Orc:2    | Bought a scroll of identify for 24 gold pieces
 14853 | Orc:2    | Bought a scroll of butterflies for 48 gold pieces
 14853 | Orc:2    | Bought a scroll of butterflies for 48 gold pieces
 14855 | Orc:2    | Noticed Maurice
 15076 | Orc:2    | Something stole a lightning rod (4/4)
 15080 | Orc:2    | Found Cyracsot's Assorted Antiques.
 15081 | Orc:2    | Something stole 226 gold
 15083 | Orc:2    | Killed Maurice
 15147 | Orc:2    | Found Izxiwk's Magic Scroll Boutique.
 15161 | Orc:2    | Found Vuhetrik's Antique Armour Boutique.
 15210 | Orc:2    | Found a staircase to the Elven Halls.
 15231 | Orc:2    | Found Wilel's Jewellery Emporium.
 15338 | Orc:2    | Found Sylunem's Antique Weapon Emporium.
 15390 | Orc:2    | Noticed an orc warlord
 15392 | Orc:2    | Reached XP level 15. HP: 146/161 MP: 14/14
 15393 | Orc:2    | Found Vumo's General Store.
 15404 | Orc:2    | Found Foocu's Book Shoppe.
 15436 | Orc:2    | Found Wegeoc's Antique Armour Shop.
 15646 | Orc:2    | Bought a granite talisman for 840 gold pieces
 16044 | Spider:1 | Entered Level 1 of the Spider Nest
 16404 | Spider:1 | Noticed Nikola
 16424 | Spider:1 | Noticed an emperor scorpion
 16647 | D:13     | Reached skill level 10 in Shapeshifting
 16757 | D:13     | Identified the +1 robe of Yredelemnul's Delight {rElec
                  | rCorr}
 16973 | D:13     | You fall into a shaft and drop 2 floors!
 16973 | D:15     | Entered Level 15 of the Dungeon
 16978 | D:14     | Noticed Roxanne
 17325 | D:13     | Found Dupipla's Assorted Antiques.
 17554 | D:14     | Found an ancient bone altar of Kikubaaqudgha.
 17657 | D:14     | Noticed Agnes
 17663 | D:14     | Killed Agnes
 18296 | D:15     | Found Oshiran's Antique Armour Emporium.
 18561 | D:15     | Found a staircase to the Depths.
 18670 | D:15     | Found a radiant altar of Vehumet.
 19215 | Lair:2   | Killed an emperor scorpion
 19216 | Lair:2   | Reached XP level 16. HP: 129/170 MP: 15/15
 19242 | Spider:1 | Killed Nikola
 20129 | Spider:4 | Entered Level 4 of the Spider Nest
 20585 | Spider:3 | Noticed Arachne
 20594 | Spider:3 | Killed Arachne
 20658 | Spider:3 | Reached skill level 15 in Shapeshifting
 20666 | Spider:3 | Noticed Mlioglotl
 20672 | Spider:3 | Killed Mlioglotl
 20675 | Spider:3 | Noticed Jorgrun
 20680 | Spider:3 | Killed Jorgrun
 21611 | Spider:4 | Identified the +5 sling of Abuse {heavy, rF+ Will+ Dex+2}
 21649 | Spider:4 | Got a gossamer rune of Zot
 21712 | Spider:4 | Identified the +1 pair of gloves of Focus {rC- Str+3 Dex+2}
 22075 | Swamp:1  | Entered Level 1 of the Swamp
 22126 | Swamp:1  | Reached XP level 17. HP: 178/178 MP: 16/16
 22206 | Swamp:1  | You fall into a shaft and drop 1 floor!
 22210 | Swamp:2  | Reached skill level 5 in Shields
 22391 | Swamp:4  | Entered Level 4 of the Swamp
 22595 | Swamp:4  | Got a mossy gem with 1084 turns to spare
 22597 | Swamp:4  | Got a decaying rune of Zot
 23098 | Swamp:3  | Found a large runed translucent door.
 23098 | Swamp:3  | Found a large runed translucent door.
 23102 | Swamp:3  | Noticed TROGSCHOSEN's ghost (adept DEHu)
 23352 | Swamp:3  | Killed TROGSCHOSEN's ghost
 23393 | Swamp:2  | Reached skill level 10 in Shields
 23780 | Swamp:2  | Paralysed by a fenstrider witch for 3 turns
 24535 | Elf:1    | Entered Level 1 of the Elven Halls
 24636 | Abyss:2  | Found a corrupted altar of Lugonu.
 24636 | Abyss:2  | Cast into level 2 of the Abyss (a deep elf sorcerer)
 24653 | Abyss:2  | Reached XP level 18. HP: 185/185 MP: 17/17
 24664 | Abyss:2  | Found a corrupted altar of Lugonu.
 24670 | Abyss:2  | Found a corrupted altar of Lugonu.
 24670 | Abyss:2  | Found a corrupted altar of Lugonu.
 24747 | Elf:1    | Escaped the Abyss
 24804 | Elf:1    | Found a runed translucent gate.
 24804 | Elf:1    | Found a runed translucent gate.
 24804 | Elf:1    | Found a runed translucent gate.
 24813 | Elf:1    | Noticed Xuahaunu's ghost (adept MfIE)
 24822 | Elf:1    | Found an iron altar of Okawaru.
 24946 | Elf:2    | Found a runed translucent gate.
 24946 | Elf:2    | Found a runed translucent gate.
 24946 | Elf:2    | Found a runed translucent gate.
 25038 | Elf:3    | Entered Level 3 of the Elven Halls
 25167 | Elf:3    | Found Safaad's Book Emporium.
 25168 | Elf:3    | Found Kadezug's Jewellery Boutique.
 25170 | Elf:3    | Found Genuxt's Book Emporium.
 25178 | Elf:3    | Bought a manual of Unarmed Combat for 1440 gold pieces
 25250 | Elf:3    | Found Ymeen's Jewellery Boutique.
 25258 | Elf:3    | Bought the ring "Azxihig" {rC+ rN+} for 612 gold pieces
 25457 | Elf:3    | Noticed a Brimstone Fiend
 25499 | Abyss:3  | Cast into level 3 of the Abyss (a deep elf sorcerer)
 25654 | Abyss:3  | Noticed a tentacled monstrosity
 25660 | Abyss:3  | Killed a tentacled monstrosity
 25671 | Abyss:3  | Paralysed by accursed screaming for 1 turns
 25735 | Abyss:3  | Reached XP level 19. HP: 193/193 MP: 18/18
 25766 | Abyss:3  | Noticed a dread lich
 25769 | Abyss:3  | Killed a dread lich
 25786 | Elf:3    | Escaped the Abyss
 25791 | Elf:3    | Noticed a Tzitzimitl
 25802 | Elf:3    | Noticed a Brimstone Fiend
 25817 | Abyss:3  | Cast into level 3 of the Abyss (a deep elf demonologist)
 25897 | Elf:3    | Escaped the Abyss
 25948 | Abyss:3  | Cast into level 3 of the Abyss (a deep elf sorcerer)
 25984 | Abyss:3  | Noticed a bone dragon
 25989 | Abyss:3  | Killed a bone dragon
 26035 | Elf:3    | Escaped the Abyss
 26042 | Elf:3    | Got Juyci's Catalogue of the Serac and Inhalation
 26049 | Elf:3    | Identified the +2 hat of Okawaru's Condemnation {Harm rC+
                  | Int+3}
 26061 | Elf:3    | Identified the +0 plate armour of Rihomugo {Rampage rElec}
 26062 | Elf:3    | Identified the +1 leather armour "Otriot" {rN+ Regen+
                  | Int+2}
 26063 | Elf:3    | Identified the ring of Plog {rF+ Int+6}
 26089 | Elf:3    | Identified the +6 shortbow of a wizard's laboratory
                  | {antimagic, Str-5 Dex+8 Stlth-}
 26100 | Elf:3    | Got a shimmering gem with 328 turns to spare
 26156 | Elf:3    | Identified the ring "Gobehump" {rPois Int+2}
 26182 | Elf:3    | Identified the quicksilver dragon scales of Ziepyjad {Will+
                  | rCorr Str+3 Dex+3}
 26183 | Elf:3    | Identified the amulet of the Rabble {Spirit +Inv Fly Str-2
                  | Dex+3}
 26198 | Elf:3    | Got Sujat's Directory of the Wilderness
 26199 | Elf:3    | Identified the +3 chain mail of Gravitas {rCorr}
 27883 | Elf:1    | Found The Oracle's Delphic Readings.
 27897 | Elf:1    | Bought a scroll of blinking for 120 gold pieces
 27897 | Elf:1    | Bought a scroll of teleportation for 48 gold pieces
 27897 | Elf:1    | Bought a scroll of blinking for 120 gold pieces
 28090 | Elf:1    | Killed Xuahaunu's ghost
 28113 | Elf:1    | Identified the +3 ring mail of Zin's Inspiration {rC+
                  | Int+9}
 28197 | D:10     | Killed GamesABlazin's ghost
 28318 | Vaults:1 | Entered Level 1 of the Vaults
 28344 | Vaults:1 | Reached skill level 27 in Unarmed Combat
 28409 | Vaults:1 | Found a transporter.
 28412 | Vaults:1 | Found a transporter.
 28445 | Vaults:1 | Found a transporter.
 28446 | Vaults:1 | Found a transporter.
 28460 | Vaults:1 | Found a transporter.
 28555 | Vaults:1 | Reached XP level 20. HP: 205/205 MP: 19/19
 28582 | Vaults:1 | Identified the +0 hat of Moideces {Str+4}
 29220 | Vaults:1 | Reached skill level 15 in Fighting
 30038 | Vaults:2 | Noticed Norris
 30053 | Vaults:2 | Killed Norris
 30632 | Vaults:3 | Found a staircase to the Crypt.
 30851 | Vaults:3 | Reached skill level 5 in Dodging
 30909 | Vaults:3 | Identified the +2 robe of Somewhere Else {rC+ Regen+ Str-2
                  | Int+4}
 30909 | Vaults:3 | Noticed Boris
 30918 | Vaults:3 | Killed Boris
 31074 | Vaults:3 | Identified the amulet "Etaatz" {RegenMP+ Dex+4}
 31255 | Vaults:3 | Found Goopyig's Magic Scroll Boutique.
 31260 | Vaults:3 | Bought a scroll of teleportation for 51 gold pieces
 31312 | Vaults:3 | Reached XP level 21. HP: 223/223 MP: 20/20
 32183 | Vaults:4 | Found a large runed translucent door.
 32183 | Vaults:4 | Found a large runed translucent door.
 32183 | Vaults:4 | Found a large runed translucent door.
 32183 | Vaults:4 | Found a large runed translucent door.
 32183 | Vaults:4 | Found a large runed translucent door.
 32183 | Vaults:4 | Found a large runed translucent door.
 32183 | Vaults:4 | Noticed Qoas's ghost (adept GnCA)
 32184 | Vaults:4 | Found a large runed translucent door.
 32184 | Vaults:4 | Found a large runed translucent door.
 32232 | Vaults:4 | Got the Opusculum on the Yliaster
 32356 | Vaults:4 | Gained mutation: Your spells are a little easier to cast,
                  | but a little less powerful. [mutagenic glow]
 32364 | Vaults:4 | Paralysed by a Zot trap for 5 turns
 32374 | Vaults:4 | Gained mutation: You are clumsy. (Dex -2) [mutagenic glow]
 32437 | Vaults:4 | Noticed Saint Roka
 32473 | Vaults:4 | Killed Saint Roka
 33110 | Vaults:5 | Entered Level 5 of the Vaults
 33134 | Vaults:5 | Noticed a golden dragon
 33144 | Vaults:5 | Killed a golden dragon
 33155 | Vaults:5 | Reached XP level 22. HP: 243/243 MP: 21/21
 33172 | Vaults:5 | Noticed Bai Suzhen
 33174 | Vaults:5 | Killed Bai Suzhen
 33204 | Vaults:5 | Identified the orb of Honour {*channel, Int+2}
 33204 | Vaults:5 | Noticed Frederick
 33210 | Vaults:5 | Killed Frederick
 33210 | Vaults:5 | Noticed a golden dragon
 33211 | Vaults:5 | Killed a golden dragon
 33430 | Vaults:5 | Got a silver rune of Zot
 33488 | Vaults:5 | Identified the +5 shortbow "Pogu" {elec, rCorr Dex+4}
 33494 | Vaults:5 | Got the Secrets of the Excursion
 33508 | Vaults:5 | Noticed a dread lich
 33515 | Vaults:5 | Killed a dread lich
 33552 | Vaults:5 | Identified the ring of Xom's Full Attention {*Slow rElec
                  | rPois rN+ Dex+3}
 33711 | Vaults:5 | Found the +10 zealot's sword {holy, Zealotry, *Rage rN+
                  | EV+3}
 33719 | Vaults:5 | Identified the amulet of the Ferocious God {RegenMP+ Int+2}
 33763 | Vaults:5 | Identified the +2 long sword of the Endless Wars {flame,
                  | rElec rCorr Int+4}
 33784 | Vaults:5 | Noticed an ancient lich
 33789 | Vaults:5 | Killed an ancient lich
 33918 | Vaults:5 | Found the ring of the Octopus King
 33924 | Vaults:5 | Identified a ring of the Octopus King {rC+ HP+2 AC+2 EV+2
                  | SH+2}
 34490 | Depths:1 | Entered Level 1 of the Depths
 34539 | Depths:1 | Found a gateway to Hell.
 34645 | Depths:1 | Found a runed translucent gate.
 34645 | Depths:1 | Found a runed translucent gate.
 34646 | Depths:1 | Found a runed translucent gate.
 34647 | Depths:1 | Noticed Chadd's ghost (adept MiGl)
 34673 | Depths:1 | Killed Chadd's ghost
 34786 | Depths:1 | Found a basalt altar of Yredelemnul.
 35006 | Depths:2 | Found a one-way gate leading to the halls of Pandemonium.
 35058 | Depths:2 | Found a glowing silver altar of Zin.
 35059 | Depths:2 | Found a runed translucent door.
 35105 | Depths:2 | Reached XP level 23. HP: 230/257 MP: 22/22
 35116 | Depths:2 | Noticed a juggernaut
 35122 | Depths:2 | Killed a juggernaut
 35331 | Depths:2 | Paralysed by something for 2 turns
 35530 | Depths:2 | Found a one-way gateway to a ziggurat.
 35634 | Depths:3 | Paralysed by something for 5 turns
 35644 | Depths:3 | Paralysed by something for 5 turns
 35963 | Depths:3 | Found a one-way gate to the infinite horrors of the Abyss.
 36435 | Depths:4 | Entered Level 4 of the Depths
 36443 | Depths:4 | Identified the +4 robe of Dice, Bag, and Bottle {Rampage
                  | ^Drain rC- Str+4 Slay+2}
 36443 | Depths:4 | Noticed Boris
 36473 | Depths:4 | Killed Boris
 36522 | Depths:4 | Found a gate to the Realm of Zot.
 36601 | Depths:4 | Found Zaojerry's Assorted Antiques.
 36601 | Depths:4 | Found Tosyup's Armour Emporium.
 37061 | Pan      | Entered Pandemonium
 37079 | Pan      | Reached XP level 24. HP: 238/266 MP: 1/22
 37324 | Pan      | Noticed Ignacio
 37338 | Pan      | Killed Ignacio
 37485 | Pan      | Gained mutation: You are frail. (-10% HP) [a cacodemon]
 37777 | Pan      | Noticed Haja the pandemonium lord
 37783 | Pan      | Killed Haja the pandemonium lord
 37806 | Pan      | Got a demonic rune of Zot
 38097 | Pan      | Entered the realm of Mnoleg.
 38111 | Pan      | Found a bloodstained altar of Trog.
 38162 | Pan      | Gained mutation: Your spells are easier to cast, but less
                  | powerful. [a cacodemon]
 38165 | Pan      | Gained mutation: You occasionally lose the ability to read
                  | scrolls when taking damage. [a cacodemon]
 38173 | Pan      | Gained mutation: Your body sometimes deteriorates upon
                  | taking damage. [a cacodemon]
 38183 | Pan      | Lost mutation: Your body sometimes deteriorates upon taking
                  | damage. [potion of mutation]
 38183 | Pan      | Lost mutation: You occasionally lose the ability to read
                  | scrolls when taking damage. [potion of mutation]
 38183 | Pan      | Gained mutation: You are partially covered in iridescent
                  | scales. (AC +2) [potion of mutation]
 38184 | Pan      | Lost mutation: Your spells are easier to cast, but less
                  | powerful. [potion of mutation]
 38184 | Pan      | Lost mutation: Your spells are a little easier to cast, but
                  | a little less powerful. [potion of mutation]
 38184 | Pan      | Gained mutation: You sometimes lose your temper in combat.
                  | [potion of mutation]
 38184 | Pan      | Gained mutation: Your muscles are strong. (Str +4, Int/Dex
                  | -1) [potion of mutation]
 38185 | Pan      | Lost mutation: Your muscles are strong. (Str +4, Int/Dex
                  | -1) [potion of mutation]
 38185 | Pan      | Lost mutation: You sometimes lose your temper in combat.
                  | [potion of mutation]
 38185 | Pan      | Gained mutation: Your health recovers twice as slowly from
                  | being drained. [potion of mutation]
 38185 | Pan      | Gained mutation: You are strong-willed. (Will+) [potion of
                  | mutation]
 38186 | Pan      | Lost mutation: You are strong-willed. (Will+) [potion of
                  | mutation]
 38186 | Pan      | Lost mutation: You are clumsy. (Dex -2) [potion of
                  | mutation]
 38186 | Pan      | Gained mutation: Your muscles are strong. (Str +4, Int/Dex
                  | -1) [potion of mutation]
 38186 | Pan      | Gained mutation: You possess an exceptional clarity of
                  | mind. [potion of mutation]
 38187 | Pan      | Lost mutation: You possess an exceptional clarity of mind.
                  | [potion of mutation]
 38187 | Pan      | Lost mutation: You are partially covered in iridescent
                  | scales. (AC +2) [potion of mutation]
 38187 | Pan      | Lost mutation: Your health recovers twice as slowly from
                  | being drained. [potion of mutation]
 38187 | Pan      | Gained mutation: You are partially covered in iridescent
                  | scales. (AC +2) [potion of mutation]
 38187 | Pan      | Gained mutation: You are somewhat resistant to further
                  | mutation. [potion of mutation]
 38188 | Pan      | Lost mutation: You are frail. (-10% HP) [potion of
                  | mutation]
 38188 | Pan      | Lost mutation: You are partially covered in iridescent
                  | scales. (AC +2) [potion of mutation]
 38188 | Pan      | Lost mutation: Your muscles are strong. (Str +4, Int/Dex
                  | -1) [potion of mutation]
 38498 | Pan      | Found an exit through the horrors of the Abyss.
 38572 | Pan      | Gained mutation: You occasionally lose the ability to read
                  | scrolls when taking damage. [a neqoxec]
 38672 | Pan      | Noticed Mnoleg
 38679 | Pan      | Killed Mnoleg
 38789 | Pan      | Got a glowing rune of Zot
 38971 | Pan      | Lost mutation: You are somewhat resistant to further
                  | mutation. [potion of mutation]
 38971 | Pan      | Lost mutation: You occasionally lose the ability to read
                  | scrolls when taking damage. [potion of mutation]
 38971 | Pan      | Gained mutation: You passively dampen the noise of your
                  | surroundings. [potion of mutation]
 38971 | Pan      | Gained mutation: You expend magic power (3 MP) to
                  | strengthen your wands. [potion of mutation]
 38971 | Pan      | Gained mutation: You are robust. (+10% HP) [potion of
                  | mutation]
 39240 | Pan      | Noticed Houseibb the pandemonium lord
 39272 | Pan      | Lost mutation: You are robust. (+10% HP) [a cacodemon]
 39305 | Pan      | Reached XP level 25. HP: 280/280 MP: 22/22
 39358 | Pan      | Killed Houseibb the pandemonium lord
 39371 | Pan      | Noticed Mennas
 39637 | Pan      | Killed Mennas
 40123 | Pan      | Noticed Teiwkor the pandemonium lord
 40134 | Pan      | Killed Teiwkor the pandemonium lord
 40336 | Pan      | Entered the realm of Gloorx Vloq.
 40347 | Pan      | Found an exit through the horrors of the Abyss.
 40836 | Pan      | Noticed Gloorx Vloq
 40853 | Pan      | Killed Gloorx Vloq
 40874 | Pan      | Got a dark rune of Zot
 41133 | Pan      | Entered the realm of Cerebov.
 41719 | Pan      | Found the +6 sword of Cerebov {flame}
 41719 | Pan      | Noticed Cerebov
 41766 | Pan      | Killed Cerebov
 41783 | Pan      | Got a fiery rune of Zot
 41825 | Pan      | Identified the +11 flail of Vatank {flame, rPois Int+2}
 41914 | Pan      | Identified the +8 spear of Rukkiw {speed, +Blink Str+3
                  | Stlth+}
 41973 | Pan      | Identified the ring of Hirul {Fire Will++}
 41980 | Pan      | Identified the ring of Darkness {rPois rF+ Int-3 Dex+6
                  | SInv}
 41982 | Pan      | Got the Essays on Transmogrification
 42143 | Pan      | Reached skill level 15 in Shields
 42307 | Pan      | Gained mutation: You have hidden genetic defects. [a
                  | neqoxec]
 42453 | Pan      | Reached XP level 26. HP: 293/293 MP: 22/22
 42643 | Pan      | Gained mutation: Your spells are a little easier to cast,
                  | but a little less powerful. [a neqoxec]
 42708 | Pan      | Gained mutation: You are frail. (-10% HP) [a neqoxec]
 43403 | Pan      | Noticed Qobristreaj the pandemonium lord
 43416 | Pan      | Killed Qobristreaj the pandemonium lord
 43471 | Pan      | Entered the realm of Lom Lobon.
 43471 | Pan      | Noticed Lom Lobon
 43484 | Pan      | Killed Lom Lobon
 43488 | Pan      | Got a magical rune of Zot
 43515 | Pan      | Gained mutation: You are vulnerable to heat. (rF-) [hidden
                  | defects]
 43715 | Pan      | Identified the +9 longbow of Bright Prudence {antimagic,
                  | rCorr Int+3}
 44143 | Pan      | Found an exit through the horrors of the Abyss.
 44189 | Pan      | Gained mutation: Armour fits poorly on your strangely
                  | shaped body. [hidden defects]
 44189 | Pan      | Lost mutation: You have hidden genetic defects. [hidden
                  | defects expressed]
 44381 | Pan      | Gained mutation: You occasionally shout uncontrollably at
                  | your foes. [a neqoxec]
 44381 | Pan      | Gained mutation: You are weak. (Str -2) [a neqoxec]
 44931 | Pan      | Found a burning altar of Makhleb.
 45061 | Pan      | Noticed Yneun the pandemonium lord
 45783 | Pan      | Found an exit through the horrors of the Abyss.
 45875 | Pan      | Gained mutation: Your spells are easier to cast, but less
                  | powerful. [a cacodemon]
 45883 | Pan      | Reached XP level 27. HP: 271/271 MP: 22/22
 46212 | Pan      | Found a glowing silver altar of Zin.
 46908 | Pan      | Found an exit through the horrors of the Abyss.
 46985 | Pan      | Took an exit into the Abyss.
 46985 | Abyss:3  | Escaped into the Abyss
 46985 | Abyss:3  | Found a corrupted altar of Lugonu.
 47070 | Abyss:3  | Noticed an ancient lich
 47073 | Abyss:3  | Killed an ancient lich
 47199 | Abyss:3  | Gained mutation: You have large cloven feet. [a neqoxec]
 47201 | Abyss:3  | Gained mutation: You occasionally lose the ability to drink
                  | potions when taking damage. [a neqoxec]
 47369 | Abyss:3  | Gained mutation: You are very frail. (-20% HP) [a neqoxec]
 47553 | Abyss:4  | Identified the +0 ring mail of Gacach {Will+ Regen+}
 47558 | Abyss:4  | Identified the +4 kite shield of Wisdom {+Inv rF+ Str+3}
 47613 | Abyss:4  | Got an abyssal rune of Zot
 47617 | Depths:2 | Escaped the Abyss
 47859 | Slime:1  | Entered Level 1 of the Pits of Slime
 48119 | Slime:5  | Entered Level 5 of the Pits of Slime
 48155 | Slime:5  | Noticed the Royal Jelly
 48157 | Slime:5  | Found a viscous altar of Jiyva.
 48159 | Slime:5  | Killed the Royal Jelly
 48213 | Slime:5  | Found the ring of the Mage {Wiz Archmagi}
 48215 | Slime:5  | Got a starry gem with 150 turns to spare
 48229 | Slime:5  | Identified the +5 demon blade "Betres" {pain, rElec Dex+6}
 48267 | Slime:5  | Got the Treatise on the Calescent Volcano
 48276 | Slime:5  | Got Wyfe's Introduction to the Rites and Rhymes
 48285 | Slime:5  | Identified the +0 plate armour of the Tundras {Harm rF+}
 48300 | Slime:5  | Identified the ring "Yfoq" {rPois rC++ rCorr MP+9 Slay-5}
 48355 | Slime:5  | Got a slimy rune of Zot
 48495 | Slime:3  | Gained mutation: Your magical capacity is low. (-10% MP) [a
                  | shining eye]
 48498 | Slime:3  | Gained mutation: You sometimes lose your temper in combat.
                  | [a shining eye]
 48498 | Slime:3  | Gained mutation: You frequently scream uncontrollably at
                  | your foes. [a shining eye]
 48543 | Lair:4   | Lost mutation: You are weak. (Str -2) [potion of mutation]
 48543 | Lair:4   | Lost mutation: You frequently scream uncontrollably at your
                  | foes. [potion of mutation]
 48543 | Lair:4   | Gained mutation: Your mind is acute. (Int +4, Str/Dex -1)
                  | [potion of mutation]
 48544 | Lair:4   | Lost mutation: You have large cloven feet. [potion of
                  | mutation]
 48544 | Lair:4   | Lost mutation: You expend magic power (3 MP) to strengthen
                  | your wands. [potion of mutation]
 48544 | Lair:4   | Lost mutation: You passively dampen the noise of your
                  | surroundings. [potion of mutation]
 48545 | Lair:4   | Lost mutation: You occasionally shout uncontrollably at
                  | your foes. [potion of mutation]
 48545 | Lair:4   | Lost mutation: Armour fits poorly on your strangely shaped
                  | body. [potion of mutation]
 48545 | Lair:4   | Lost mutation: Your magical capacity is low. (-10% MP)
                  | [potion of mutation]
 48546 | Lair:4   | Lost mutation: You occasionally lose the ability to drink
                  | potions when taking damage. [potion of mutation]
 48546 | Lair:4   | Lost mutation: You sometimes lose your temper in combat.
                  | [potion of mutation]
 48546 | Lair:4   | Gained mutation: You have sharp toenails. [potion of
                  | mutation]
 48546 | Lair:4   | Gained mutation: Your mind is very acute. (Int +8, Str/Dex
                  | -2) [potion of mutation]
 48547 | Lair:4   | Lost mutation: You have sharp toenails. [potion of
                  | mutation]
 48547 | Lair:4   | Lost mutation: Your mind is very acute. (Int +8, Str/Dex
                  | -2) [potion of mutation]
 48547 | Lair:4   | Lost mutation: Your spells are easier to cast, but less
                  | powerful. [potion of mutation]
 48547 | Lair:4   | Gained mutation: You sometimes lose your temper in combat.
                  | [potion of mutation]
 48547 | Lair:4   | Gained mutation: You are partially covered in iridescent
                  | scales. (AC +2) [potion of mutation]
 48548 | Lair:4   | Lost mutation: You are vulnerable to heat. (rF-) [potion of
                  | mutation]
 48548 | Lair:4   | Lost mutation: Your spells are a little easier to cast, but
                  | a little less powerful. [potion of mutation]
 48548 | Lair:4   | Lost mutation: You sometimes lose your temper in combat.
                  | [potion of mutation]
 48548 | Lair:4   | Gained mutation: Your magical capacity is low. (-10% MP)
                  | [potion of mutation]
 48549 | Lair:4   | Lost mutation: Your mind is acute. (Int +4, Str/Dex -1)
                  | [potion of mutation]
 48549 | Lair:4   | Lost mutation: You are partially covered in iridescent
                  | scales. (AC +2) [potion of mutation]
 48549 | Lair:4   | Lost mutation: Your magical capacity is low. (-10% MP)
                  | [potion of mutation]
 48549 | Lair:4   | Gained mutation: Your magical capacity is low. (-10% MP)
                  | [potion of mutation]
 48549 | Lair:4   | Gained mutation: You have a pair of small horns on your
                  | head. [potion of mutation]
 48550 | Lair:4   | Lost mutation: You are very frail. (-20% HP) [potion of
                  | mutation]
 48550 | Lair:4   | Lost mutation: You are frail. (-10% HP) [potion of
                  | mutation]
 48550 | Lair:4   | Gained mutation: You possess an exceptional clarity of
                  | mind. [potion of mutation]
 48550 | Lair:4   | Gained mutation: Your magical capacity is very low. (-20%
                  | MP) [potion of mutation]
 49013 | Hell     | Entered the Vestibule of Hell
 49013 | Hell     | Noticed Geryon
 49048 | Hell     | Killed Geryon
 49162 | Hell     | Found a gateway to the freezing wastes of Cocytus.
 49173 | Coc:1    | Entered Level 1 of Cocytus
 49203 | Coc:2    | Paralysed by a wendigo for 1 turns
 49427 | Coc:4    | Paralysed by a wendigo for 1 turns
 49443 | Coc:4    | Paralysed by a wendigo for 1 turns
 49973 | Coc:6    | Reached skill level 27 in Fighting
 49979 | Coc:7    | Entered Level 7 of Cocytus
 50225 | Coc:7    | Paralysed by a wendigo for 1 turns
 50233 | Coc:7    | Paralysed by a wendigo for 1 turns
 50266 | Coc:7    | Paralysed by a wendigo for 1 turns
 50401 | Coc:7    | Noticed Antaeus
 50414 | Coc:7    | Killed Antaeus
 50574 | Coc:7    | Got an icy rune of Zot
 50576 | Coc:7    | Identified the +0 sling "Nadaja" {heavy, +Blink rC+ Int+3}
 50764 | Hell     | Found a gateway to the Iron City of Dis.
 50775 | Dis:1    | Entered Level 1 of the Iron City of Dis
 50815 | Dis:2    | You fall into a shaft and drop 2 floors!
 51058 | Dis:5    | HP: 14/400 [caustic shrike (15)]
 51058 | Dis:5    | Slain by an iron golem

Illustrated notes

Levels and vault maps discovered:
D:1:      spicycebolla_arrival_clurvy, layout_rooms,
          chequers_serial_rivers_large_a, minmay_split_cup_large
D:2:      layout_basic, hangedman_abyss_or_decor_lesser_grid
D:3:      layout_basic, mainiacjoe_overflow_catwalk, uniq_terence
D:4:      layout_basic
D:5:      layout_loops_ring
D:6:      layout_rooms, mainiacjoe_overflow_paths,
          mainiacjoe_overflow_concentric_impassable
D:7:      layout_rooms, lemuel_doored_altar,
          minmay_temple_entry_drinking_statues, enter_bailey_6,
          kennysheep_pointless_box
D:8:      layout_basic, uniq_erica, uniq_maggie
D:9:      layout_cave_pools, nicolae_ashenzari_panopticon,
          amcnicky_altar_gilded, erik_orc_3, nrook_uturn,
          minmay_fractal_squares_gapless_7
D:10:     layout_roguey, serial_shops, shop_fountains, gammafunk_ghost_ooze,
          uniq_psyche
D:11:     layout_loops_ring, david_lair_generic, serial_shops,
          nicolae_shop_behind_doors
D:12:     layout_rooms, minmay_beelzebubs_servants
D:13:     layout_roguey, erik_vaults_1, serial_shops,
          nicolae_shop_getting_attention, special_room [special_room_bee]
D:14:     layout_loops_ring, infiniplex_staircase_squiggle,
          kiku_gazebo_pond_becter, uniq_agnes, uniq_roxanne
D:15:     grunt_enter_depths_snipers, layout_long_grid, serial_shops,
          nicolae_diamond_shop, fiery_altar_vehumet, argonaut_gorgonesque
Temple:   nicolae_temple_superstar
Lair:1:   dreamdust_cave_troll, layout_misc_corridors
Lair:2:   layout_roguey, nicolae_spider_entry_lesser_pyramids, uniq_urug
Lair:3:   layout_regular_city, nicolae_swamp_entry_splash_gauntlet, basic_altar,
          grunt_megastairs_3
Lair:4:   layout_loops_ring, dpeg_slime_entry_enclosed,
          portal_ice_cave_entry_ice_simulacra, nicolae_lair_yak_garden
Lair:5:   gammafunk_lair_ancient_temple, layout_gridlike, lemuel_fruit_fields
Swamp:1:  layout_basic_swamp, evilmike_swamp_ruin_house_6, swamp_pool_1_2
Swamp:2:  layout_basic_swamp, evilmike_swamp_ruin_rubble_1, swamp_pool_1_2,
          nicolae_swamp_round_clearing, nicolae_swamp_well_well_well,
          nicolae_swamp_catching_bugs, nicolae_swamp_tree_isthmus,
          nicolae_swamp_decorative_isthmus
Swamp:3:  layout_basic_swamp, ebering_ghost_disaster_area,
          evilmike_swamp_ruin_house_2
Swamp:4:  swamp_alternative, layout_basic_swamp
Spider:1: layout_spider_delve, uniq_nikola
Spider:2: layout_spider_delve, hangedman_spider_tarantella_strand
Spider:3: layout_chambers, uniq_jorgrun, uniq_mlioglotl, uniq_arachne
Spider:4: guppyfry_spider_rune
Slime:1:  layout_caves
Slime:2:  layout_caves, basic_altar
Slime:3:  layout_caves
Slime:4:  layout_caves, uniq_dissolution
Slime:5:  slime_pit
Orc:1:    layout_caves
Orc:2:    grunt_orc_gardens, layout_caves, grunt_orc_garden, grunt_orc_garden,
          grunt_orc_garden, grunt_orc_garden, serial_shops, shop, shop, shop,
          nicolae_shop_getting_attention, shop_statue, uniq_maurice
Elf:1:    minmay_elf_arrival_plus, layout_loops_cross,
          gammafunk_ghost_fury_of_okawaru, hangedman_elven_crosses_minicolossus,
          grunt_ministairs_2, nicolae_nh_oracle_at_delphi
Elf:2:    elven_hall_of_blades_hangedman_original [nicolae_blade_tridents],
          layout_loops_cross, st_stairs_1
Elf:3:    elf_hall, layout_onion_city, serial_shops, nicolae_shop_gaudy_bauble,
          nicolae_letterblocks [nicolae_letter_subblock,
          nicolae_letter_subblock, nicolae_letter_subblock,
          nicolae_letter_subblock, nicolae_letter_subblock,
          nicolae_letter_subblock, nicolae_letter_subblock,
          nicolae_letter_subblock, nicolae_letter_subblock,
          nicolae_letter_subblock, nicolae_letter_subblock,
          nicolae_letter_subblock, nicolae_letter_subblock,
          nicolae_letter_subblock, nicolae_letter_subblock,
          nicolae_letter_subblock, nicolae_letter_subblock,
          nicolae_letter_subblock, nicolae_letter_subblock,
          nicolae_letter_subblock, nicolae_letter_subblock,
          nicolae_letter_subblock, nicolae_letter_subblock,
          nicolae_letter_subblock, nicolae_letter_subblock], minmay_shop_grove
Vaults:1: nicolae_vaults_inception_statues, gammafunk_the_bubble
          [the_bubble_gammafunk_roulette], nicolae_vaults_three_branches,
          nicolae_vaults_circle_grid_a, v_rooms_5, hangedman_vaults_stream,
          layout_vaults_omnigrid
Vaults:2: vaults_mumra_hexcomb, ontoclasm_vaults_ring_small,
          nicolae_vaults_trapezoid_3, nicolae_vaults_surprise_closet,
          vaults_room_boxed, nicolae_vaults_little_squares_4,
          nicolae_vaults_closet_pinwheel_6, hangedman_vaults_cutoff,
          nicolae_vaults_house_2, ontoclasm_vaults_eye,
          nicolae_vaults_tetromino_Z_1, nicolae_vaults_lightning_bolt,
          vaults_dpeg_doors, layout_vaults_omnibox, uniq_norris
Vaults:3: hangedman_vaults_cutoff, minmay_crypt_entry_simple_corners,
          nicolae_vaults_shipping_containers_3, nicolae_vaults_ninety_degrees,
          nicolae_vaults_network_quinsquares
          [nicolae_vaults_network_quincunx_subvault,
          nicolae_vaults_network_quincunx_subvault,
          nicolae_vaults_network_quincunx_subvault,
          nicolae_vaults_network_quincunx_subvault], vaults_mumra_chevron,
          ontoclasm_vaults_bender, nicolae_vaults_specimen_jars, v_misc_13,
          v_alt_pattern_1, nicolae_vaults_diamond_2,
          nicolae_vaults_mini_display_case, nicolae_vaults_more_shelving_1,
          layout_vaults_big_cross, serial_shops, nicolae_shop_rolled_up,
          uniq_boris
Vaults:4: advil_vaults_ghost_lines, nicolae_vaults_network_quincunx
          [nicolae_vaults_network_quincunx_subvault,
          nicolae_vaults_network_quincunx_subvault,
          nicolae_vaults_network_quincunx_subvault,
          nicolae_vaults_network_quincunx_subvault,
          nicolae_vaults_network_quincunx_subvault], dpeg_vaults_monster_box,
          nicolae_vaults_branching_niches, v_pattern_2,
          nicolae_vaults_doubleplus_tesselated, v_misc_8, vaults_room_door_hall,
          nicolae_vaults_trapezoid_2, v_misc_32, vaults_room_ringed_pool,
          nicolae_vaults_apartment_1, serial_ice_g, layout_vaults_maze_snakey,
          uniq_saint_roka
Vaults:5: uniq_bai_suzhen, uniq_frederick
Depths:1: layout_cave_pools, gammafunk_ghost_split, hell_entry,
          minmay_crystal_water, lemuel_zombie_altar_yredelemnul
Depths:2: thingy_vault, layout_gridville, enter_ziggurat_e,
          rand_demon_pan_entry_8, hangedman_abyss_or_decor_stabs, hell_entry,
          minivault_10, minivault_21, lemuel_angel_altar
Depths:3: hangedman_screamer, layout_cave_shapes, abyss_entry_crystal,
          hellmouth_1, nicolae_elevator_lobby_asterisk, roderic_roman_lattice,
          uniq_margery
Depths:4: grunt_zot_entry_alcove, layout_cave_pools, hell_entry,
          serial_bayou_shore_b, minmay_shoptagon
Hell
Dis:1:    layout_subdivisions, nicolae_dis_scattering
Dis:2:    layout_jigsaw, nicolae_dis_scattering
Dis:4:    layout_gridville, nicolae_dis_strange_trophy_room
Dis:5:    layout_overlapping_boxes
Coc:1:    layout_cocytus_water_paths
Coc:2:    nicolae_coc_three_mouths, layout_ice_bergs,
          nicolae_coc_statues_of_limitations
Coc:3:    layout_cocytus_delve
Coc:4:    layout_ice_bergs
Coc:5:    layout_cocytus_delve
Coc:6:    layout_ice_bergs, nicolae_hells_hurtin_island
Coc:7:    coc_hangedman

Skill      XL: |  1  2  3  4  5  6  7  8  9 10 11 12 13 14 15 16 17 18 19 20 21 22 23 24 25 26 27 |
---------------+----------------------------------------------------------------------------------+-----
Unarmed Combat | 3 4 5 6 7 9 10 13 14 17 19 20 21 24 27 | 27.0
Fighting       | 3 5 7 10 11 13 16 19 20 21 22 27 | 27.0
Evocations     | 5 |  5.0
Shapeshifting  | 8 13 16 17 21 23 | 23.0
Shields        | 3 10 16 21 25 | 25.0
Dodging        | 6 7 8 |  8.8

Action                     |  1- 3 |  4- 6 |  7- 9 | 10-12 | 13-15 | 16-18 | 19-21 | 22-24 | 25-27 || total
---------------------------+-------+-------+-------+-------+-------+-------+-------+-------+-------++-------
  Melee: Unarmed           |   107 |    99 |   204 |   646 |  1278 |   967 |  1058 |  1331 |  2546 ||  8236
         Headbutt          |       |       |       |       |       |       |       |       |   128 ||   128
         Kick              |       |       |       |       |       |       |       |       |   113 ||   113
         Punch             |       |       |       |       |       |       |       |       |    16 ||    16
 Invoke: Heavenly Storm    |       |       |       |       |     4 |     3 |     3 |     3 |     5 ||    18
         Serpent's Lash    |       |       |       |       |     2 |     3 |     1 |     3 |     7 ||    16
Ability: Lunge             |       |       |     1 |    43 |    97 |    92 |    87 |    87 |   198 ||   605
         Whirlwind         |       |       |       |    49 |   378 |   342 |   377 |   536 |   727 ||  2409
  Evoke: Wand              |       |       |     7 |       |    10 |     5 |       |       |       ||    22
         Lightning rod     |       |       |       |       |    15 |     5 |       |     3 |     2 ||    25
    Use: Potion            |       |       |     1 |       |     5 |     1 |     5 |    16 |    16 ||    44
         Scroll            |       |       |    12 |     4 |     7 |    13 |     4 |     8 |    16 ||    64
   Stab: Sleeping          |     1 |       |       |       |       |       |       |       |       ||     1
         Petrified         |       |       |       |     3 |       |       |       |       |       ||     3
         Confused          |       |       |       |       |       |     1 |       |       |     1 ||     2
         Distracted        |       |       |       |       |       |       |       |     1 |     3 ||     4
 Armour: Robe              |    62 |    37 |   114 |    38 |       |       |       |       |       ||   251
         Steam dragon scal |       |       |       |    49 |       |       |       |       |       ||    49
         Troll leather arm |       |       |       |   228 |   612 |       |       |       |       ||   840
         Skin              |       |       |       |       |    23 |   970 |   594 |   889 |  1463 ||  3939
  Dodge: Dodged            |    24 |    47 |   100 |   253 |   567 |   606 |   322 |   332 |   719 ||  2970
  Block: Kite shield       |    26 |    38 |    79 |   155 |   306 |   558 |   494 |   704 |   137 ||  2497
         Reflection        |       |       |       |       |       |    39 |    62 |    16 |   107 ||   224
         Tower shield      |       |       |       |       |       |       |       |       |  2095 ||  2095
         Other             |       |       |       |       |       |       |       |       |     3 ||     3
   Form: Statue            |       |       |       |       |     1 |       |       |       |     1 ||     2
         Storm             |       |       |       |       |       |       |       |       |     1 ||     1

Table legend: (Time is in decaauts)
 A = Elapsed time spent in this place.
 B = Non-inter-level travel time spent in this place.
 C = Inter-level travel time spent in this place.
 D = Time resting spent in this place.
 E = Time spent auto-exploring this place.
 F = Levels seen in this place.
 G = Mean time per level.
                   A        B        C        D        E       F      G
               +--------+--------+--------+--------+--------+-----+--------+
         Total |  65003 |  60267 |   4736 |   1567 |  40428 |  93 |  699.0 |
       Dungeon |  12946 |  10869 |   2077 |     94 |   8379 |  15 |  863.1 |
        Temple |     18 |     10 |      8 |      0 |      0 |   1 |   18.0 |
          Lair |   5065 |   4207 |    858 |     88 |   3049 |   5 | 1013.0 |
         Swamp |   3357 |   3221 |    136 |     65 |   2362 |   4 |  839.2 |
   Spider Nest |   4486 |   4216 |    270 |    108 |   3169 |   4 | 1121.5 |
    Slime Pits |    924 |    771 |    153 |     87 |    216 |   5 |  184.8 |
  Orcish Mines |   1411 |   1232 |    179 |      8 |    872 |   2 |  705.5 |
   Elven Halls |   4481 |   4334 |    147 |     42 |   2682 |   3 | 1493.7 |
        Vaults |   8868 |   8322 |    546 |      0 |   6528 |   5 | 1773.6 |
        Depths |   3851 |   3656 |    195 |      0 |   2705 |   4 |  962.8 |
          Hell |    410 |    410 |      0 |    157 |      0 |   1 |  410.0 |
           Dis |    402 |    389 |     13 |      0 |    265 |   4 |  100.5 |
       Cocytus |   2002 |   1851 |    151 |    367 |    544 |   7 |  286.0 |
         Abyss |   1614 |   1614 |      0 |      0 |    286 |   6 |  269.0 |
   Pandemonium |  14250 |  14250 |      0 |    318 |   9088 |  25 |  570.0 |
        Bailey |    398 |    398 |      0 |    149 |    118 |   1 |  398.0 |
      Ice Cave |    512 |    512 |      0 |     82 |    162 |   1 |  512.0 |
               +--------+--------+--------+--------+--------+-----+--------+

Top non-repeatable levels by time:
Vaults:1: 2028 daAuts
Vaults:3: 1928 daAuts
Vaults:4: 1916 daAuts
   Elf:3: 1632 daAuts
Vaults:5: 1612 daAuts
Spider:3: 1588 daAuts
   Elf:2: 1490 daAuts
Vaults:2: 1384 daAuts
 Abyss:3: 1364 daAuts
   Elf:1: 1357 daAuts
  Lair:2: 1317 daAuts
Depths:3: 1293 daAuts
Spider:4: 1236 daAuts
     D:9: 1167 daAuts
    D:11: 1128 daAuts
